 Dungeon Crawl Stone Soup version 0.29.1-15-g9cfb28693d (webtiles) character file.

Game seed: 8304831236118456665

88 Thatpatchoflichen the Ducker (level 4, -3/34 HPs)
             Began as a Human Gladiator on Feb 28, 2023.
             Slain by Terence
             ... wielding a +0 flail
              (6 damage)
             ... on level 3 of the Dungeon.
             The game lasted 00:04:07 (2830 turns).

Thatpatchoflichen the Ducker (Human Gladiator)      Turns: 2830, Time: 00:04:08

Health: -3/34      AC: 10    Str: 14    XL:     4   Next: 82%
Magic:  4/4        EV:  7    Int:  8    God:
Gold:   97         SH:  0    Dex: 17    Spells: 3/3 levels left

rFire   . . .      SeeInvis +   a - +0 long sword
rCold   . . .      Faith    .   (no shield)
rNeg    . . .      Spirit   .   i - +0 chain mail
rPois   .          Reflect  .   c - +0 helmet
rElec   .          Harm     .   (no cloak)
rCorr   .          Rampage  .   r - +0 pair of gloves
Will    .....                   (no boots)
Stlth   ..........              (no amulet)
HPRegen 0.11/turn               s - ring of see invisible
MPRegen 0.09/turn               (no ring)

@: no status effects
A: no striking features
a: no special abilities


You were on level 3 of the Dungeon.
You visited 1 branch of the dungeon, and saw 3 of its levels.

You collected 97 gold pieces.

Inventory:

Hand Weapons
 a - a +0 long sword (weapon)
Missiles
 d - 3 throwing nets (quivered)
 e - a javelin
Armour
 b - a +0 leather armour
 c - a +0 helmet (worn)
 i - a +0 chain mail (worn)
 k - a +0 plate armour
 r - a +0 pair of gloves (worn)
Jewellery
 l - an amulet of magic regeneration
 p - an amulet of faith
 s - a ring of see invisible (left hand)
Scrolls
 g - a scroll of identify
 h - a scroll of poison {unknown}
 j - 2 scrolls of teleportation
 m - a scroll of noise {unknown}
 q - a scroll of enchant weapon {unknown}
Potions
 f - 2 potions of attraction {unknown}
 n - a potion of cancellation {unknown}
 o - a potion of curing


   Skills:
 + Level 2.8 Fighting
 + Level 3.6 Long Blades
 - Level 2.0 Throwing
 + Level 1.6 Armour
 + Level 3.6 Dodging


You had 3 spell levels left.
You didn't know any spells.
Your spell library was empty.

Dungeon Overview and Level Annotations

Branches:
Dungeon (3/15)

Altars:
Nemelex Xobeh

Annotations:
D:3 Terence


Message History

Terence hits you with a +0 flail.
You completely miss Terence.
Terence is lightly wounded.
Terence barely misses you. Terence hits you with a +0 flail.
You hit Terence but do no damage.
Terence is lightly wounded.
Terence hits you with a +0 flail.
You closely miss Terence.
Terence is lightly wounded.
Terence hits you but does no damage.
You hit Terence.
Terence is heavily wounded.
Terence hits you with a +0 flail.
You hit Terence.
Terence is severely wounded.
Terence hits you with a +0 flail.
You closely miss Terence.
Terence is severely wounded.
Terence hits you with a +0 flail!
* * * LOW HITPOINT WARNING * * *
Terence drinks a potion.
Terence is healed!
You hit Terence.
Terence is moderately wounded.
Terence hits you but does no damage.
You hit Terence.
Terence is moderately wounded.
Terence hits you but does no damage.
You hit Terence.
Terence is heavily wounded.
Terence hits you but does no damage.
You barely miss Terence.
Terence is heavily wounded.
Terence hits you with a +0 flail.
* * * LOW HITPOINT WARNING * * *
As you read the scroll labelled TEIMUV KAICHEG, it crumbles to dust.
It is a scroll of identify.
j - 2 scrolls of teleportation Terence closely misses you.
Terence attacks as you move away! Terence hits you with a +0 flail.
You die...

#> #. ##.# #. ##...
#.### #.... ....#
#.#....##.#.#
......@.#.#.# #
#@#.#.# #..
##)#.#.#
##..#...#.<####..#.
#........#.........
#...#...#..#######.
.....##.#.#.# .#..
.......# ...
......###
.#..###.###


You could see Terence.

Vanquished Creatures
  Jessica (D:2)
  A gnoll (D:1)
  2 worms (D:2)
  An orc (D:3)
  4 bats
  9 endoplasms
  2 giant cockroaches (D:1)
  3 goblins (D:1)
  2 hobgoblins (D:1)
  4 jackals (D:2)
  4 kobolds
  2 quokkas
  A ball python (D:2)
  3 frilled lizards
  3 rats
42 creatures vanquished.

Notes
Turn   | Place    | Note
-------+----------+-------------------------------------------
     0 | D:1      | Thatpatchoflichen the Human Gladiator began the quest for
                  | the Orb.
     0 | D:1      | Reached XP level 1. HP: 16/16 MP: 1/1
    59 | D:1      | Reached XP level 2. HP: 2/22 MP: 2/2
   722 | D:1      | Reached skill level 1 in Armour
   724 | D:1      | Reached XP level 3. HP: 27/28 MP: 3/3
  1749 | D:2      | Reached XP level 4. HP: 22/34 MP: 4/4
  1997 | D:2      | Found a faded altar of an unknown god.
  1997 | D:2      | Noticed a rust devil
  1997 | D:2      | Noticed Jessica
  2007 | D:2      | Killed Jessica
  2091 | D:2      | Found a sparkling altar of Nemelex Xobeh.
  2814 | D:3      | Noticed Terence
  2830 | D:3      | Slain by Terence

Illustrated notes

Levels and vault maps discovered:
D:1:      dpeg_arrival_renting, layout_basic, minmay_tree_intersection,
          st_stairs_4, minmay_misc_feat_enclosed
D:2:      layout_basic, dreamdust_ecumenical_altar_sealed_demon, basic_altar,
          chequers_serial_rivers_micro_d, uniq_jessica
D:3:      layout_loops_ring, lemuel_zombie_altar_kikubaaqudgha,
          mainiacjoe_overflow_big_doors, elyvilon_altar_5, uniq_terence

Skill      XL: |  1  2 |
---------------+-------+-----
Armour         | 1 |  1.6
Fighting       | |  2.8
Long Blades    | |  3.6
Throwing       | |  2.0
Dodging        | |  3.6

Action                   |  1- 3 |  4- 6 || total
-------------------------+-------+-------++-------
Melee: Long sword        |    96 |    39 ||   135
       Punch             |     1 |       ||     1
  Use: Scroll            |       |     1 ||     1
 Stab: Sleeping          |     1 |       ||     1
Armor: Leather armour    |     9 |       ||     9
       Chain mail        |    65 |    20 ||    85
Dodge: Dodged            |    69 |    15 ||    84
